 Dungeon Crawl Stone Soup version 0.25-a0-503-ge281fa673e (webtiles) character file.

Game seed: 1741724141274757487, levelgen mode: classic

34792 EnegeticOcto the Cleaver (level 13, -2/177 HPs)
             Began as a Deep Dwarf Fighter on Feb 13, 2020.
             Was an Elder of Makhleb.
             Slain by an ettin
             ... wielding a cursed -2 great mace
              (27 damage)
             ... on level 15 of the Dungeon.
             The game lasted 00:08:14 (9248 turns).

EnegeticOcto the Cleaver (Deep Dwarf Fighter)       Turns: 9248, Time: 00:08:15

Health: -2/177     AC: 29    Str: 30    XL:     13   Next: 44%
Magic:  9/9        EV: 11    Int:  9    God:    Makhleb [****..]
Gold:   972        SH: 19    Dex: 12    Spells: 12/12 levels left

rFire    + . .     SeeInvis +   z - +5 war axe of Interdependent Arising {vorpal, +Inv SInv Stlth+}
rCold    + . .     Gourm    .   J - +0 tower shield
rNeg     . . .     Faith    .   v - +9 scales of the Dragon King {rPois rF+ rC+ MR+}
rPois    +         Spirit   .   h - +1 helmet
rElec    .         Reflect  .   (no cloak)
rCorr    .         Harm     .   (no gloves)
MR       ++...                  (no boots)
Stlth    ..........             (no amulet)
HPRegen  0.00/turn              C - +5 ring of protection
MPRegen  0.11/turn              R - +4 ring of evasion

@: berserking, marked, corroded, non-regenerating, very quick
A: damage resistance, heal wounds, sense surroundings 2, no regeneration
a: Heal Wounds, Minor Destruction, Lesser Servant of Makhleb, Major Destruction,
Renounce Religion, Evoke Invisibility


You were on level 15 of the Dungeon.
You worshipped Makhleb.
Makhleb was greatly pleased with you.
You were not hungry.

You visited 2 branches of the dungeon, and saw 16 of its levels.
You also visited: Sewer.

You collected 972 gold pieces.

Inventory:

Hand Weapons
 a - a +0 broad axe
 z - the +5 war axe of Interdependent Arising (weapon) {vorpal, +Inv SInv Stlth+}
   (You found it on level 5 of the Dungeon)

   It inflicts extra damage upon your enemies.
   It lets you see invisible.
   It lets you turn invisible.
   It makes you more stealthy.
 K - a +0 war axe
Armour
 c - a +0 kite shield
 h - a +1 helmet (worn)
 v - the +9 scales of the Dragon King (worn) {rPois rF+ rC+ MR+}
   (You found it on level 7 of the Dungeon)

   It protects you from fire.
   It protects you from cold.
   It protects you from poison.
   It affects your resistance to hostile enchantments.
   If you remove this armour, your AC will decrease by 26 (29 -> 3).
 J - a +0 tower shield (worn)
Jewellery
 k - an uncursed ring of resist corrosion
 l - an uncursed ring of protection from magic
 C - a +5 ring of protection (left hand)
 R - a +4 ring of evasion (right hand)
Wands
 b - a wand of iceblast (8)
 f - a wand of paralysis (14)
 g - a wand of clouds (5)
 x - a wand of flame (49)
 E - a wand of polymorph (21)
 F - a wand of disintegration (24)
 M - a wand of scattershot (5)
Scrolls
 j - 4 scrolls of fog
 o - 2 scrolls of immolation {@r4}
 q - 4 scrolls of teleportation {@r2}
 w - 2 scrolls of magic mapping {@r5}
 y - a scroll of enchant armour
 B - a scroll of fear
 G - 5 scrolls of remove curse {@r6}
Potions
 d - 2 potions of might {@q3}
 i - 10 potions of curing {@q1}
 m - 9 potions of flight
 n - 2 potions of cancellation
 p - a potion of lignification {@q7}
 r - 9 potions of heal wounds {@q2}
 s - a potion of berserk rage
 t - 3 potions of agility {@q5}
 u - 3 potions of brilliance
 A - a potion of haste {@q4}
 D - a potion of resistance {@q6}
 H - 2 potions of mutation
 P - 2 potions of ambrosia {unknown}
Miscellaneous
 I - 2 tremorstones
 N - a phantom mirror
Comestibles
 e - 17 rations
 L - 6 chunks of flesh


   Skills:
 + Level 8.4 Fighting
 * Level 13.3 Axes
 + Level 10.0 Armour
 + Level 9.3 Dodging
 + Level 9.9 Shields
 * Level 13.0 Invocations


You had 12 spell levels left.
You didn't know any spells.
Your spell library was empty.

Dungeon Overview and Level Annotations

Branches:
Dungeon (15/15)            Temple (1/1) D:6            Lair (0/6) D:8
    Orc (0/2) D:10         Vaults (0/5) D:13         Depths (0/5) D:15
  Sewer (visited)

Altars:
Ashenzari
Dithmenos
Elyvilon
Fedhas
Gozag
Hepliaklqana
Kikubaaqudgha
Makhleb
Okawaru
Ru
Sif Muna
Trog
Wu Jian
Xom
Yredelemnul
Zin

Annotations:
D:15 Rupert


Innate Abilities, Weirdness & Mutations

You are resistant to damage.
You can heal yourself by infusing magical energy.
You passively map the area around you.
You do not regenerate.


Message History

You are too injured to fight recklessly!
You are too injured to fight recklessly!
You are too injured to fight recklessly!
You are too injured to fight recklessly!
You feel much better. You block the centaur's attack. x2
The centaur barely misses you.
A yaktaur comes into view.
The deep elf knight casts a spell at you.
You block the stone arrow.
The deep troll bites you but does no damage.
The deep troll barely misses you. The deep troll claws you.
The brown ugly thing misses you. The centaur hits you.
You block the ettin's attack.
The ettin hits you with a +0 dire flail!
Press: ? - help, v - describe, . - travel
Here: Rupert, wielding a +1 vorpal executioner's axe and wearing a +0 ring mail The floor.
Okay, then.
A red film seems to cover your vision as you go berserk!
You feel yourself moving faster!
You feel mighty!
The centaur hits you but does no damage.
You block the deep elf knight's attack.
The centaur hits you but does no damage.
The deep troll misses you.
The deep troll claws you but does no damage. x2
The brown ugly thing pecks you! The acid corrodes you!
You are splashed with acid!
A basilisk comes into view.
The centaur hits you but does no damage.
The blink frog blinks!
The ettin hits you with a cursed -2 great mace!!
The ettin hits you with a +0 dire flail!!
* * * LOW HITPOINT WARNING * * *
You are too injured to fight recklessly!
You are too injured to fight recklessly!
You are too injured to fight recklessly!
You are too injured to fight recklessly!
You are too injured to fight recklessly!
You are too injured to fight recklessly!
You are too injured to fight recklessly!
You are too injured to fight recklessly!
You are too injured to fight recklessly!
You are too injured to fight recklessly!
You are too injured to fight recklessly!
You are too injured to fight recklessly!
You slash the ettin!
The ettin is severely wounded.
You slash the deep troll! You slash the deep elf knight!
You slice the centaur!!
You kill the centaur!
Makhleb accepts your kill.
You slice the centaur!!
You kill the centaur!
Makhleb accepts your kill.
You slash the brown ugly thing! You hit the brown ugly thing.
You block the deep elf knight's attack.
The brown ugly thing bites you but does no damage.
The deep troll bites you but does no damage.
You block the deep troll's attack. The deep troll claws you!
* * * LOW HITPOINT WARNING * * *
You hit the ettin.
The ettin is severely wounded.
You hit the deep troll.
You kill the deep troll!
Makhleb accepts your kill.
The troll leather armour is intact enough to wear.
You closely miss the deep elf knight. You slash the centaur!
You slash the centaur warrior skeleton!
You destroy the centaur warrior skeleton!
Makhleb accepts your kill.
You feel better.
You closely miss the brown ugly thing.
You hit the brown ugly thing but do no damage.
You block the centaur's attack.
The deep elf knight hits you but does no damage.
The brown ugly thing closely misses you.
You block the ettin's attack.
The ettin hits you with a +0 dire flail!!
* * * LOW HITPOINT WARNING * * *
You completely miss the ettin.
The ettin is severely wounded.
You closely miss the brown ugly thing. You slash the brown ugly thing!
You slash the yaktaur! You barely miss the centaur.
You slash the deep elf knight! You slice Rupert!!
The centaur barely misses you.
You block the brown ugly thing's attack.
A hungry ghost comes into view.
Rupert looks excited.
Rupert hits you but does no damage.
The deep elf knight hits you with a +0 long sword.
* * * LOW HITPOINT WARNING * * *
The brown ugly thing pecks you but does no damage.
You hit the ettin.
The ettin is almost dead.
You hit Rupert. You slash the deep elf knight! You slash the centaur!
You slash the yaktaur! You hit the brown ugly thing.
You slice the brown ugly thing!! You block the centaur's attack.
A crimson imp comes into view.
The yaktaur barely misses you.
The ettin hits you with a cursed -2 great mace!!
You die...

#### ###..** #....
##.... , #....#####
.## #......#.##...*
* #..ecc...#..... *
#.O@@uc..l.....
,#..C#ulZ...W... ,
, *
*,#.#.##u.........,
*,
..#....ccF5......
,, , * ,,.
#..#.#.Zc......, ,
, #....#...H.....
*,*
##....##†...5..., ,
>,,
......##.....#.. ,
,,###.#...<[...##
,, ,


You could see Rupert, 3 ugly things, an ettin, a two-headed ogre, a manticore, a
deep elf knight, 4 yaktaurs, a hungry ghost, 2 basilisks, a blink frog, 2
centaurs, 2 crimson imps, a centaur warrior zombie and a centaur warrior
skeleton.

Vanquished Creatures
  Snorg (D:10)
  Erica (D:8)
  A hydra (D:14)
  2 vault guards (D:13)
  2 ogre magi
  A centaur warrior (D:14)
  3 two-headed ogres
  3 death yaks (D:8)
  5 large abominations (D:14)
  3 unseen horrors
  A wizard (D:14)
  A deep troll (D:15)
  Pikel (D:7)
  An orc knight (D:7)
  A wolf spider zombie (D:13)
  A deep elf mage (D:14)
  A wolf spider (D:15)
  A manticore (D:13)
  3 ugly things
  2 centaur zombies
  Joseph (D:7)
  Psyche (D:8)
  A gargoyle (D:13)
  A spiny frog (shapeshifter) (D:14)
  2 yaktaurs
  An efreet (D:13)
  A freezing wraith (D:14)
  4 trolls
  A hornet (D:12)
  A tengu conjurer (D:13)
  A slime creature (D:7)
  7 small abominations (D:14)
  6 hippogriffs
  A vampire (D:13)
  A shadow (D:14)
  2 wraiths
  A wyvern (D:8)
  6 yaks
  A human (D:13)
  4 hungry ghosts
  A warg (D:7)
  An acid dragon (D:13)
  A porcupine (D:8)
  5 ice beasts
  2 slaves (D:7)
  6 orc warriors
  A phantom (D:7)
  3 sky beasts
  A black bear (D:10)
  8 ogres
  2 necrophages
  8 centaurs
  A crocodile (D:12)
  A big kobold (D:14)
  10 bullfrogs
  A wyvern skeleton (D:8)
  7 scorpions
  6 killer bees (D:8)
  5 wights (D:6)
  7 howler monkeys
  7 crimson imps
  2 bullfrog zombies
  A quasit (D:12)
  5 hounds
  3 jellies
  6 orc priests
  3 centaur skeletons
  10 orc wizards
  Ijyb (D:3)
  2 hell rats (D:8)
  3 iguanas
  11 worker ants
  A hound zombie (D:7)
  A worker ant zombie (D:7)
  7 gnolls
  12 adders
  6 river rats
  A shadow imp (D:14)
  4 oozes
  2 adder zombies
  An adder skeleton (D:6)
  2 worms (D:3)
  A dart slug (D:4)
  7 leopard geckos
  33 orcs
  4 bats
  6 giant cockroaches
  9 goblins
  4 hobgoblins
  2 jackals (D:5)
  21 kobolds
  5 quokkas
  6 ball pythons
  4 frilled lizards
  22 rats
371 creatures vanquished.

Vanquished Creatures (collateral kills)
  3 vault guards (D:13)
  A hungry ghost (D:13)
  An orc warrior (D:13)
  An eye of draining (D:8)
6 creatures vanquished.

Vanquished Creatures (others)
  A bullfrog zombie (D:7)
  A centaur skeleton (D:7)
2 creatures vanquished.

Grand Total: 379 creatures vanquished

Notes
Turn   | Place    | Note
-------+----------+-------------------------------------------
     0 | D:1      | EnegeticOcto the Deep Dwarf Fighter began the quest for the
                  | Orb.
     0 | D:1      | Reached XP level 1. HP: 20/20 MP: 1/1
    45 | D:1      | Reached XP level 2. HP: 27/27 MP: 2/2
   367 | D:3      | Reached skill level 1 in Dodging
   385 | D:3      | Reached XP level 3. HP: 28/33 MP: 3/3
   748 | D:3      | Noticed Ijyb
   764 | D:3      | Killed Ijyb
   764 | D:3      | Reached XP level 4. HP: 33/42 MP: 3/3
   831 | D:3      | Found a glowing drain.
   875 | Sewer    | Entered a sewer
   974 | Sewer    | Reached XP level 5. HP: 36/49 MP: 3/3
  1499 | D:4      | Found a sacrificial altar of Ru.
  1573 | D:4      | Reached XP level 6. HP: 39/56 MP: 3/3
  1776 | D:4      | Found an iron altar of Okawaru.
  1786 | D:4      | Reached skill level 5 in Axes
  1879 | D:4      | Reached XP level 7. HP: 34/63 MP: 4/4
  2260 | D:5      | Entered Level 5 of the Dungeon
  2352 | D:5      | Reached skill level 5 in Shields
  2361 | D:5      | Got a shimmering war axe
  2362 | D:5      | Identified the +5 war axe of Interdependent Arising
                  | {vorpal, +Inv SInv Stlth+} (You found it on level 5 of the
                  | Dungeon)
  2395 | D:5      | Reached skill level 5 in Armour
  2463 | D:5      | Found a bloodstained altar of Trog.
  2547 | D:5      | Reached XP level 8. HP: 50/72 MP: 4/4
  2836 | D:6      | Found a shimmering blue altar of Sif Muna.
  2931 | D:6      | Reached skill level 5 in Fighting
  2959 | D:6      | Found a staircase to the Ecumenical Temple.
  2972 | Temple   | Entered the Ecumenical Temple
  3006 | Temple   | Became a worshipper of Makhleb the Destroyer
  3248 | D:7      | Noticed Pikel
  3259 | D:7      | Killed Pikel
  3259 | D:7      | Reached skill level 5 in Dodging
  3259 | D:7      | Gained mutation: You passively map the area around you.
                  | [Deep Dwarf growth]
  3259 | D:7      | Reached XP level 9. HP: 45/81 MP: 1/3
  3325 | D:7      | Noticed Joseph
  3359 | D:7      | Killed Joseph
  3360 | D:7      | Reached skill level 5 in Invocations
  3373 | D:7      | Reached * piety under Makhleb
  3385 | D:7      | Reached XP level 10. HP: 56/91 MP: 5/7
  3449 | D:7      | Noticed an orc knight
  3459 | D:7      | HP: 4/91 [orc knight/+0 war axe (5)]
  3473 | D:7      | Killed an orc knight
  3571 | D:7      | Identified the +7 halberd of Triumph {pain, MP+9 Str+7}
  3603 | D:7      | Found the +9 scales of the Dragon King {rPois rF+ rC+ MR+}
  3886 | D:8      | Noticed Psyche
  3921 | D:8      | Killed Psyche
  4118 | D:8      | Noticed Erica
  4130 | D:8      | Killed Erica
  4130 | D:8      | Reached skill level 10 in Axes
  4151 | D:8      | Reached ** piety under Makhleb
  4321 | D:8      | Noticed a death yak
  4327 | D:8      | Noticed a death yak
  4329 | D:8      | Noticed a death yak
  4331 | D:8      | Noticed a purple ugly thing
  4342 | D:8      | Killed a death yak
  4342 | D:8      | Reached XP level 11. HP: 99/99 MP: 5/7
  4348 | D:8      | Killed a death yak
  4360 | D:8      | Killed a purple ugly thing
  4372 | D:8      | Killed a death yak
  4381 | D:8      | Found a staircase to the Lair.
  4986 | D:9      | Found a shattered altar of Ashenzari.
  5005 | D:9      | Found an opulent altar of Gozag.
  5114 | D:9      | Got a vibrating wooden ring
  5327 | D:9      | Identified the ring "Desapneo" {Fire Int+3 Dex+4 Stlth+}
                  | (You found it on level 9 of the Dungeon)
  5360 | D:10     | Entered Level 10 of the Dungeon
  5474 | D:10     | Noticed Sonja
  5489 | D:10     | Noticed Sonja
  5489 | D:10     | Sonja changed into Sonja the yak
  5492 | D:10     | Killed Sonja the yak
  5504 | D:10     | Reached *** piety under Makhleb
  5534 | D:10     | Noticed Snorg
  5547 | D:10     | Killed Snorg
  5558 | D:10     | Found a staircase to the Orcish Mines.
  5860 | D:10     | Noticed a two-headed ogre
  5869 | D:10     | Killed a two-headed ogre
  6100 | D:11     | Noticed an unseen horror
  6108 | D:11     | Killed an unseen horror
  6115 | D:11     | Got a brightly glowing lead ring
  6159 | D:11     | Identified the ring of Disaster {Wiz rPois} (You found it
                  | on level 11 of the Dungeon)
  6440 | D:11     | Noticed a cyan ugly thing
  6447 | D:11     | Killed a cyan ugly thing
  6869 | D:12     | Reached skill level 10 in Invocations
  6899 | D:12     | Reached **** piety under Makhleb
  6903 | D:12     | Reached XP level 12. HP: 109/109 MP: 8/8
  6992 | D:12     | Noticed a two-headed ogre
  7004 | D:12     | Killed a two-headed ogre
  7060 | D:12     | Found an ornate altar of the Wu Jian Council.
  7478 | D:13     | Noticed a vault guard
  7503 | D:13     | Noticed a vault guard
  7509 | D:13     | Noticed a vault guard
  7512 | D:13     | Noticed an ogre mage
  7523 | D:13     | Killed a vault guard
  7526 | D:13     | Killed an ogre mage
  7555 | D:13     | Killed a vault guard
  7572 | D:13     | Found a gate to the Vaults.
  7572 | D:13     | Noticed a vault guard
  7572 | D:13     | Noticed a vault guard
  7577 | D:13     | Killed a vault guard
  7584 | D:13     | Killed a vault guard
  7602 | D:13     | Killed a vault guard
  8168 | D:14     | Noticed a two-headed ogre
  8176 | D:14     | Killed a two-headed ogre
  8232 | D:14     | Noticed an eight-headed hydra
  8244 | D:14     | Killed a 14-headed hydra
  8306 | D:14     | Reached XP level 13. HP: 117/117 MP: 10/10
  9199 | D:15     | Entered Level 15 of the Dungeon
  9230 | D:15     | Reached skill level 10 in Armour
  9230 | D:15     | Noticed an ettin
  9240 | D:15     | Noticed Rupert
  9248 | D:15     | Slain by an ettin

Levels and vault maps discovered:
D:1:      roderic_crop_circles_arrival_small, layout_basic, hex_medium,
          nemelex_diamond_rough_becter
D:2:      layout_basic, uniq_crazy_yiuf_cottage
D:3:      layout_basic, portal_sewer_entry_c, uniq_ijyb
D:4:      cheibrodos_helix_gallery, layout_basic, hangedman_ru_absence,
          nicolae_overflow_crystal_walls, st_stairs_1, minmay_strange_pillars,
          kennysheep_dice
D:5:      layout_basic, marbit_many_paths, serial_glass, glass_columns_a,
          glass_columns_c, first_ration
D:6:      layout_rooms, kennysheep_little_box, temple_fountains
D:7:      layout_rooms, minmay_the_grid_2x2 [minmay_the_grid_armoury,
          minmay_the_grid_minigrid_medium, minmay_the_grid_outer_diamond,
          minmay_the_grid_prize_shrinking_boxes], uniq_joseph, uniq_pikel
D:8:      layout_basic, dpeg_lair_monsters, uniq_erica, uniq_psyche
D:9:      layout_loops_ring, amethyst_overflow_temple_binary
D:10:     layout_roguey, orc_0_dummy, uniq_snorg, uniq_sonja
D:11:     layout_long_grid
D:12:     layout_cave_pools, basic_altar
D:13:     layout_loops_ring, grunt_vaults_entry_fortified
D:14:     layout_stronghold, minmay_misc_feat_x, blue_anna_alchemist
          [blue_anna_fruit_fields, blue_anna_fruit_fields], laboratory
D:15:     hangedman_depths_entry_civil_slaughter, layout_cave_pools,
          hangedman_abyss_or_decor_lesser_grid, uniq_rupert
Temple:   eino_temple_scatter_basement

Skill      XL: |  1  2  3  4  5  6  7  8  9 10 11 12 13 |
---------------+----------------------------------------+-----
Dodging        | 1 2 3 5 6 7 8 9 |  9.3
Axes           | 3 4 5 6 8 9 10 11 12 13 | 13.3
Fighting       | 3 4 5 6 7 8 |  8.4
Shields        | 4 5 6 7 8 9 |  9.9
Armour         | 4 5 6 7 8 9 10 | 10.0
Invocations    | 2 5 8 10 12 13 | 13.0

Action                   |  1- 3 |  4- 6 |  7- 9 | 10-12 | 13-15 || total
-------------------------+-------+-------+-------+-------+-------++-------
Melee: War axe           |   113 |   179 |   261 |   548 |   158 ||  1259
Invok: Lesser Servant of |       |       |       |     3 |       ||     3
 Abil: Heal Wounds       |     1 |     3 |    11 |    13 |     2 ||    30
Evoke: Wand              |       |       |       |     3 |       ||     3
  Use: Scroll            |       |       |     7 |    17 |     1 ||    25
       Potion            |       |       |     1 |     1 |     1 ||     3
 Stab: Confused          |       |       |       |     1 |       ||     1
       Distracted        |       |       |       |     4 |       ||     4
  Eat: Chunk             |       |     4 |     5 |    15 |     1 ||    25
       Ration            |       |       |       |     4 |       ||     4
Armor: Scale mail        |    37 |    74 |   109 |     7 |       ||   227
       Gold dragon scale |       |       |       |   442 |    85 ||   527
Dodge: Dodged            |    39 |    73 |   128 |   147 |    47 ||   434
Block: Kite shield       |    58 |   107 |   173 |   329 |       ||   667
       Tower shield      |       |       |       |    65 |   132 ||   197

Table legend:
 A = Non-vault XP
 B = Vault XP
 C = Vault XP percentage of total XP
 D = Non-vault monster count
 E = Vault monster count
 F = Vault count percentage of total count
                 A         B        C        D         E       F
            +---------+---------+-------+---------+---------+-------
      Total |   27993 |   21710 |  43.7 |     259 |     116 |  30.9
            +---------+---------+-------+---------+---------+-------
        D:1 |      14 |       0 |   0.0 |       5 |       0 |   0.0
        D:2 |      18 |       0 |   0.0 |      10 |       0 |   0.0
        D:3 |      46 |      65 |  58.6 |      18 |       5 |  21.7
        D:4 |     577 |      79 |  12.0 |      19 |       3 |  13.6
        D:5 |     907 |       0 |   0.0 |      24 |       0 |   0.0
        D:6 |     809 |       0 |   0.0 |      19 |       0 |   0.0
        D:7 |     967 |    3571 |  78.7 |      21 |      22 |  51.2
        D:8 |    2754 |    4252 |  60.7 |      29 |       9 |  23.7
        D:9 |     473 |       0 |   0.0 |      14 |       0 |   0.0
       D:10 |    1286 |    1351 |  51.2 |      13 |       2 |  13.3
       D:11 |    1766 |       0 |   0.0 |      11 |       0 |   0.0
       D:12 |    6709 |       0 |   0.0 |      40 |       0 |   0.0
       D:13 |    4195 |    5286 |  55.8 |      15 |      10 |  40.0
       D:14 |    5755 |    5115 |  47.1 |      14 |      14 |  50.0
       D:15 |    1717 |    1854 |  51.9 |       7 |       3 |  30.0
      Sewer |       0 |     137 | 100.0 |       0 |      48 | 100.0
            +---------+---------+-------+---------+---------+-------
